 Dungeon Crawl Stone Soup version 0.22.3-3-g34f245f157 (webtiles) character file.

273 DrunkBamboolord the Covered (level 6, -7/82 HPs)
             Began as a Minotaur Fighter on Apr 8, 2024.
             Killed by divine providence
             ... invoked by an orc priest
              (11 damage)
             ... on level 3 of the Dungeon.
             The game lasted 00:04:39 (2031 turns).

DrunkBamboolord the Covered (Minotaur Fighter)      Turns: 2031, Time: 00:04:40

Health: -7/82      AC: 23    Str: 22    XL:     6   Next: 3%
Magic:  5/5        EV:  2    Int:  5    God:
Gold:   97         SH: 10    Dex: 10    Spells: 5/5 levels left

rFire    . . .     SeeInvis .   a - +0 war axe
rCold    . . .     Gourm    .   c - +0 shield
rNeg     + + +     Faith    .   (armour currently unavailable)
rPois    +         Spirit   .   (helmet currently unavailable)
rElec    .         Reflect  .   (cloak currently unavailable)
rCorr    .         Harm     .   (gloves currently unavailable)
MR       .....     NoTele   +   (boots currently unavailable)
Stlth    +.........             (no amulet)
HPRegen  0.23/turn              (no ring)
MPRegen  0.09/turn              (no ring)

@: tree-form
A: (retaliatory headbutt)
a: no special abilities


You were on level 3 of the Dungeon.
You were hungry.
You were a tree.
You visited 1 branch of the dungeon, and saw 3 of its levels.

You collected 97 gold pieces.

Inventory:

Hand Weapons
 a - a +0 war axe (weapon)
Missiles
 k - 12 tomahawks (quivered)
Armour
 b - a +0 scale mail (melded)
 c - a +0 shield (worn)
 r - a +0 cloak (melded)
 t - a +1 hat (melded)
Scrolls
 e - 2 scrolls of amnesia
 g - a scroll of enchant armour {unknown}
 h - a scroll of fear {unknown}
 i - a scroll of teleportation {unknown}
 m - 2 scrolls of magic mapping
 p - a scroll of remove curse {unknown}
 q - a scroll of identify {unknown}
Potions
 j - a potion of ambrosia {unknown}
 l - a potion of curing {unknown}
 n - a potion of brilliance {unknown}
 o - a potion of heal wounds {unknown}
Comestibles
 f - 6 rations
 s - 6 chunks of flesh


   Skills:
 * Level 4.9 Fighting
 * Level 3.8 Axes
 + Level 1.3 Throwing
 * Level 5.0 Armour
 + Level 1.9 Dodging
 * Level 4.9 Shields


You had 5 spell levels left.
You didn't know any spells.
Your spell library was empty.

Dungeon Overview and Level Annotations

Branches:
Dungeon (3/15)

Altars:
Qazlal


Innate Abilities, Weirdness & Mutations

((You reflexively headbutt those who attack you in melee.))
((You have a pair of horns on your head.))


Message History

Beogh smites you!
* * * LOW HITPOINT WARNING * * *
Unknown command.
You slash the orc!
You kill the orc!
Your Armour skill increases to level 5!
The orc priest mumbles some strange prayers to Beogh against you.
Beogh smites you!
* * * LOW HITPOINT WARNING * * *
You barely miss the orc priest.
The orc priest is moderately wounded.
You block the orc priest's attack.
You hit the orc priest.
The orc priest is moderately wounded.
The orc priest hits you but does no damage.
The orc priest looks satisfied for a moment.
The orc priest hits you but does no damage.
The orc priest mumbles some strange prayers to Beogh against you.
Beogh smites you!
You die...

*,* *,*,,,,,,,,,,,,,,<* *,*
*,#.###************
*******,******,#.#..,,,,,,,,,*
,,,,,,,,,,,,,,,#.#.#********,*
*******,*******#.#.# *,*
*******,* #o#.# *,* ,,,,,,,,*
#o#.#########,*** *********
#o#..........,*,*
#♣#..).......,,,*
#.#..).......,*,*
**********######.#.#.#######.#,*
,,,,,,,,,................>...#,*
,,,,,,,,,....##.##.#.#.##.###*,*
*********##*,,#.#....#.##.# *,*
*** *,,,,#.#....#.##.# *,* ,,*
*,,,,..#....#.##.# *,* *,*
*,,,#..#....#.##.####,*


You could see 2 orc priests and an orc.

Vanquished Creatures
  Grinder (D:3)
  Crazy Yiuf (D:3)
  An adder (D:3)
  A dart slug (D:1)
  A leopard gecko (D:2)
  An orc (D:3)
  2 giant cockroaches
  3 goblins
  5 hobgoblins
  8 jackals (D:1)
  4 kobolds
  3 quokkas
  A ball python (D:3)
  A bat (D:2)
  5 frilled lizards
  5 rats
43 creatures vanquished.

Notes
Turn   | Place    | Note
-------+----------+-------------------------------------------
     0 | D:1      | DrunkBamboolord the Minotaur Fighter began the quest for
                  | the Orb.
     0 | D:1      | Reached XP level 1. HP: 19/19 MP: 0/0
   231 | D:1      | Reached XP level 2. HP: 21/27 MP: 1/1
   352 | D:1      | Reached skill level 4 in Armour
  1070 | D:2      | Reached XP level 3. HP: 31/33 MP: 2/2
  1297 | D:2      | Reached skill level 1 in Dodging
  1470 | D:2      | Found a stormy altar of Qazlal.
  1714 | D:3      | Noticed Grinder
  1716 | D:3      | Paralysed by Grinder for 7 turns
  1727 | D:3      | Killed Grinder
  1727 | D:3      | Reached skill level 1 in Throwing
  1727 | D:3      | Reached XP level 4. HP: 15/41 MP: 3/3
  1727 | D:3      | Reached XP level 5. HP: 17/47 MP: 4/4
  1783 | D:3      | Found a runed door.
  1787 | D:3      | Noticed Crazy Yiuf
  1790 | D:3      | Killed Crazy Yiuf
  1978 | D:3      | Reached XP level 6. HP: 52/55 MP: 5/5
  2029 | D:3      | Reached skill level 5 in Armour
  2029 | D:3      | HP: 3/82 [orc priest/divine providence (9)]
  2031 | D:3      | Killed from afar by an orc priest

Skill      XL: |  1  2  3  4  5  6 |
---------------+-------------------+-----
Shields        | 4 |  4.9
Armour         | 4 5 |  5.0
Fighting       | 4 |  4.9
Dodging        | 1 |  1.9
Axes           | 3 |  3.8
Throwing       | 1 |  1.3

Action                   |  1- 3 |  4- 6 || total
-------------------------+-------+-------++-------
Melee: War axe           |    59 |    23 ||    82
       Headbutt          |     7 |     5 ||    12
Throw: Tomahawk          |       |     2 ||     2
  Use: Scroll            |     2 |       ||     2
       Potion            |     1 |     1 ||     2
  Eat: Chunk             |     2 |     1 ||     3
Armor: Scale mail        |    42 |     7 ||    49
       Skin              |       |     3 ||     3
Dodge: Dodged            |    26 |     7 ||    33
Block: Shield            |    36 |    10 ||    46
